Map: 普列昂台地

Players

Rex - Winner!

  • Race: Zerg Zerg
  • League: Grandmaster

Expect

  • Race: Terran Terran
  • League: Master

Event: 2016 WCS Winter Challenger Taiwan

VOD

Have the link to the VOD?

Description

Time

  • Played on: Jan. 16, 2016, 5:20 a.m.
  • Length: 4:49

All games in this series

Show
View Real Time Build Order
Export as new Build Order

Rex Zerg - Winner!

Build Orders: Hatch First 

Get SALT Encoding   

  12  0:01  Drone  
  13  0:08  Drone  
  14  0:17  Overlord  
  14  0:23  Extractor  
  14  0:24  Drone  
  15  0:36  Drone x2  
  17  0:55  Hatchery  
  16  0:57  Drone  
  16  1:02  Drone  
  18  1:04  Extractor  
  17  1:18  Spawning Pool  
  16  1:21  Drone  
  18  1:25  Drone  
  18  1:36  Drone  
  19  1:43  Overlord  
  19  2:04  Queen  
  19  2:05  Zergling x4  
  19  2:06  Queen  
  25  2:11  Metabolic Boost  
  25  2:15  Zergling x2  
  26  2:17  Zergling x2  
  26  2:20  Zergling x2  
  28  2:36  Roach Warren  
  27  2:38  Zergling x4  
  29  2:48  Queen  
  29  2:51  Zergling x2  
  31  2:58  Overlord  
  31  3:02  Drone  
  32  3:11  Overlord  
  32  3:12  Drone  
  34  3:27  Drone x4  
  34  3:31  Drone  
  38  3:35  Drone  
  39  3:44  Drone x2  
  39  3:45  Drone  
  39  3:46  Drone  
  43  3:52  Overlord  
  43  3:58  Overlord  
  43  4:04  Roach x2  
  43  4:09  Roach  
  49  4:11  Roach  
  47  4:17  Roach  
  47  4:25  Roach  
Show
View Real Time Build Order
Export as new Build Order

Expect Terran 

Build Orders:  

Get SALT Encoding   

  12  0:01  SCV  
  13  0:13  SCV  
  14  0:19  Supply Depot  
  14  0:25  SCV  
  15  0:41  SCV  
  16  0:43  Barracks  
  16  0:48  Refinery  
  16  0:53  SCV  
  17  1:05  SCV  
  17  1:07  Barracks  
  18  1:17  SCV  
  19  1:30  Orbital Command  
  19  1:32  Reaper  
  20  1:44  Supply Depot  
  20  1:51  Bunker  
  20  1:55  Reaper  
  20  1:57  SCV  
  22  2:09  Reaper  
  22  2:11  SCV  
  24  2:23  SCV  
  24  2:26  Command Center  
  24  2:28  Reaper  
  26  2:35  SCV  
  27  2:47  SCV, Reaper  
  28  2:58  Command Center  
  28  2:59  SCV  
  29  3:05  Supply Depot  
  29  3:11  SCV  
  31  3:25  SCV  
  31  3:32  Barracks Tech Lab  
  31  3:33  Barracks Reactor  
  31  3:36  Barracks  
  31  3:37  SCV, Bunker  
  31  3:40  Orbital Command  
  32  3:49  SCV  
  32  3:52  Marine  
  34  4:00  Engineering Bay  
  33  4:06  SCV  
  33  4:07  SCV  
  24  4:18  Marine x3  
Tags
 
Add a new tag
Caveats
  • Supply blocks, unpowered buildings, or Contaminate may cause inaccurate times.
  • Supply counts are checked every 10 seconds.